cohdb
Replays
Latest Replays
All Replays
Popular Replays
Top Player Replays
Match Explorer
How It Works
Community
CoH3 Stats
Reddit
Sign in to upload your games and track your stats! →
Sign in with Steam
Match 41490892
Unlisted
Match 41490892
Overview
Messages
Build Orders
End
Construct Infanterie Kompanie
Selects Breakthrough Battlegroup
Selects Assault Grenadiers
Grenadier Squad
Grenadier Squad
MG 42 Machine Gun Team
GrW 34 Mortar Team
Construct Panzergrenadier Kompanie
Selects Rapid Production
Selects Breakthrough
Breakthrough
251 Medium Carrier
Support Elements
Nebelwerfer 42 Rocket Launcher Team
Breakthrough
Nebelwerfer 42 Rocket Launcher Team
Construct Panzer Kompanie
Selects Incendiary Bombing Run
Panzer IV Medium Tank
Pioneer Squad
Selects Blitzkrieg
Selects Panzer IV Command Tank Sd.Kfz. 161/1
Panzer IV Command Tank
Panzer Officer Quarters
Incendiary Bombing Run
Panzer IV Medium Tank
Breakthrough
Side Skirts
Incendiary Bombing Run
Blitzkrieg
Pioneer Squad
Grenadier Squad
Panzer IV Medium Tank
Sabersama
Valdai
starlight
Sailor
Hansizzle
Scooby
amihajlovic47
Happy Se Hyeon
0
0
Comments
sign in to comment!
No comments posted yet!